AoeStats
← REHBITSCH4

Arena

508458618Analyzed
1v1 RM · 9d ago on Sep 22, 2026· 44m 24s· 2 players
Game mode
Random Map
Map size
Tiny (2 player)
Population
200
Speed
Normal
Resources
Standard
Victory
Conquest
Starting age
Dark Age
Ending age
Imperial Age
RankedLock teamsTeams togetherTeam positionsShared explorationLock speedFull tech treeHidden civsTurbo modeCheats
Victory
Defeat
🇩🇪 Celts · Germany
724
+16
🇩🇰 Magyars · Denmark
725
-16
REHBITSCH4
9:25 Feudal Age
15:17 Castle Age
13:57 Double-Bit Axe
17:35 Man-at-Arms
18:58 Gold Mining
19:47 Long Swordsman
20:42 Horse Collar
29:48 Heavy Plow
34:02 Wheelbarrow
34:04 Bow Saw
33:41 Pikeman
37:01 Imperial Age
35:52 Forging
37:13 Capped Ram
38:02 Halberdier
38:58 Siege Ram
40:25 Scale Mail Armor
nielsr2
5:46 Loom
10:12 Feudal Age
11:47 Wheelbarrow
12:28 Double-Bit Axe
13:41 Horse Collar
19:30 Castle Age
19:07 Gold Mining
21:07 Town Watch
20:48 Crossbowman
26:10 Bow Saw
27:09 Corvinian Army
29:27 Bloodlines
32:42 Fletching
37:51 Imperial Age
36:51 Masonry
37:17 Scale Barding Armor
38:12 Ballistics
39:00 Conscription
39:22 Heavy Plow
40:25 Chain Barding Armor
40:02 Bodkin Arrow
41:18 Chemistry
41:45 Parthian Tactics
Connection lost

Rejoining the realm…

Still unreachable

The connection could not be restored.

Session expired

The server has moved on; the page needs a fresh start.